 Dungeon Crawl Stone Soup version 0.25.1-11-g244df3a29b (webtiles) character file.

Game seed: 9340989290891440616

399 DeepDeath the Chopper (level 7, -6/50 HPs)
             Began as a Formicid Gladiator on Jan 2, 2024.
             Mangled by a small abomination (11 damage)
             ... on level 1 of the Abyss.
             The game lasted 00:08:35 (2519 turns).

DeepDeath the Chopper (Formicid Gladiator)          Turns: 2519, Time: 00:08:36

Health: -6/50      AC:  4    Str: 20    XL:     7   Next: 10%
Magic:  7/7        EV: 12    Int:  8    God:
Gold:   141        SH:  4    Dex: 12    Spells: 6/6 levels left

rFire    + . .     SeeInvis +   a - +1 war axe
rCold    + . .     Gourm    .   f - +0 buckler
rNeg     . . .     Faith    .   b - +0 leather armour
rPois    +         Spirit   .   (helmet unavailable)
rElec    +         Reflect  .   (no cloak)
rCorr    +         Harm     .   k - +0 pair of gloves
MR       .....                  (no boots)
Stlth    ++........             (no amulet)
HPRegen  0.00/turn              (no ring)
MPRegen  0.10/turn              (no ring)

@: resistant, non-regenerating, diseased
A: permanent stasis, dig shafts and tunnels, four strong arms, antennae 3
a: Dig, Shaft Self


You were on level 1 of the Abyss.
You were hungry.

You visited 1 branch of the dungeon, and saw 3 of its levels.
You visited the Abyss 1 time.
You also visited: Sewer.

You collected 141 gold pieces.

Inventory:

Hand Weapons
 a - a +1 war axe (weapon)
 h - a +0 flail
 p - a +0 mace
Missiles
 c - a throwing net
 g - 3 poisoned darts
 i - 78 stones
 l - 3 silver boomerangs (quivered)
 m - 17 sling bullets
 o - 24 arrows
Armour
 b - a +0 leather armour (worn)
 f - a +0 buckler (worn)
 k - a +0 pair of gloves (worn)
Jewellery
 j - an uncursed ring of protection from magic {unknown}
Scrolls
 e - 3 scrolls of amnesia
 u - 2 scrolls of identify {unknown}
Potions
 n - 3 potions of curing
 r - 5 potions of heal wounds
 s - a potion of flight {unknown}
 t - a potion of brilliance {unknown}
 v - a potion of magic {unknown}
Comestibles
 d - 6 rations


   Skills:
 - Level 2.1 Fighting
 * Level 6.5 Axes
 - Level 2.0 Throwing
 + Level 2.0 Armour
 - Level 2.6 Dodging
 - Level 2.0 Stealth
 + Level 2.1 Shields


You had 6 spell levels left.
You didn't know any spells.
Your spell library was empty.

Dungeon Overview and Level Annotations

Branches:
Dungeon (3/15)              Sewer (visited)

Altars:
Fedhas
Uskayaw

Annotations:
D:2 Sigmund


Innate Abilities, Weirdness & Mutations

You cannot be hasted, slowed, berserked, paralysed or teleported.
You can dig through walls and to a lower floor.
Your four strong arms can wield two-handed weapons with a shield.
You have a pair of large antennae on your head. (SInv)


Message History

You block the small abomination's attack.
The chaos spawn gores you. The chaos spawn shocks you. You resist.
You are too injured to fight recklessly!
You are too injured to fight recklessly!
You are too injured to fight recklessly!
You slash the small abomination!
The small abomination is severely damaged.
You hit the small abomination. You slash the chaos spawn!
The small abomination misses you. The chaos spawn barely misses you.
The small abomination hits you but does no damage.
You hit the small abomination but do no damage.
The small abomination is severely damaged.
You hit the small abomination but do no damage.
You slash the chaos spawn! The small abomination hits you.
The chaos spawn gores you!
* * * LOW HITPOINT WARNING * * *
You are engulfed in flames.
You resist.
* * * LOW HITPOINT WARNING * * *
The small abomination hits you!
You die...

.. ... ............ ..
#..##..##..##..##
..##..##..##..##..#
............. .. .
.................. #.
#..##..# ..## >#
##..##..##..##..## .#
.............>.......
.......@x...... ......
##..##4x##..##.x##..##
#. #..##..## . .#
.........x.... ...
......{......... ..
..##..##4.## .# .. #..
#..##..# ..# .. ..
........ .. . .... ..


You could see a chaos spawn and 2 small abominations.

Vanquished Creatures
  2 big kobolds (Sewer)
  3 gnolls (D:3)
  7 adders
  9 river rats (Sewer)
  2 oozes
  2 worms (D:2)
  2 dart slugs (D:2)
  A leopard gecko (D:2)
  7 bats
  2 giant cockroaches
  7 goblins
  3 hobgoblins
  16 kobolds
  3 ball pythons
  A frilled lizard (Sewer)
  17 rats
84 creatures vanquished.

Notes
Turn   | Place    | Note
-------+----------+-------------------------------------------
     0 | D:1      | DeepDeath the Formicid Gladiator began the quest for the
                  | Orb.
     0 | D:1      | Reached XP level 1. HP: 16/16 MP: 1/1
   152 | D:1      | Reached XP level 2. HP: 13/22 MP: 2/2
   268 | D:1      | Reached skill level 1 in Stealth
   538 | D:2      | Reached skill level 1 in Shields
   557 | D:2      | Reached skill level 1 in Armour
   565 | D:2      | Reached XP level 3. HP: 27/27 MP: 3/3
   789 | D:2      | Noticed Sigmund
   857 | D:2      | Reached skill level 4 in Axes
  1008 | D:2      | Reached XP level 4. HP: 33/33 MP: 4/4
  1270 | D:2      | Found a hide-covered altar of Uskayaw.
  1271 | D:2      | Found a blossoming altar of Fedhas.
  1574 | D:3      | Reached XP level 5. HP: 29/38 MP: 5/5
  1595 | D:3      | Reached skill level 5 in Axes
  1619 | D:3      | Found a glowing drain.
  1697 | Sewer    | Entered a sewer
  1816 | Sewer    | Noticed a big kobold
  1829 | Sewer    | Killed a big kobold
  1829 | Sewer    | Reached XP level 6. HP: 30/44 MP: 6/6
  1908 | Sewer    | Reached skill level 6 in Axes
  2381 | Sewer    | Reached XP level 7. HP: 43/50 MP: 7/7
  2466 | Sewer    | Cast into level 1 of the Abyss (kobold)
  2505 | Abyss:1  | Noticed a chaos spawn
  2508 | Abyss:1  | Noticed an ancient zyme
  2519 | Abyss:1  | Mangled by a small abomination

Illustrated notes

Levels and vault maps discovered:
D:1:      eino_arrival_cavern_d, layout_rooms, chequers_serial_rivers_micro_a
D:2:      layout_loops_cross, gammafunk_temple_overflow_statue, first_ration,
          uniq_sigmund
D:3:      layout_loops_ring, portal_sewer_entry_a, serial_glass,
          glass_columns_b, glass_columns_a, glass_columns_b, glass_columns_c
Abyss:1:  base:
Sewer
Sewer:    sewer_minmay_treatment

Skill      XL: |  1  2  3  4  5  6  7 |
---------------+----------------------+-----
Stealth        | 1 2 |  2.0
Shields        | 1 2 |  2.1
Armour         | 1 2 |  2.0
Axes           | 4 5 6 |  6.5
Fighting       | |  2.1
Throwing       | |  2.0
Dodging        | |  2.6

Action                   |  1- 3 |  4- 6 |  7- 9 || total
-------------------------+-------+-------+-------++-------
Melee: War axe           |    85 |   154 |    14 ||   253
Throw: Stone             |     8 |     5 |       ||    13
       Boomerang         |       |    18 |     4 ||    22
       Throwing net      |       |     4 |       ||     4
  Use: Scroll            |     3 |     2 |       ||     5
       Potion            |       |     2 |     1 ||     3
 Stab: Sleeping          |     1 |       |       ||     1
       Held in net/web   |       |     2 |       ||     2
  Eat: Chunk             |       |     5 |       ||     5
Armor: Leather armour    |    30 |    30 |     3 ||    63
Dodge: Dodged            |    72 |   113 |    18 ||   203
Block: Buckler           |     9 |    34 |     4 ||    47
